3AAA
WARWICK HUNCHBACKS @ BALBOA BUCCANEERS
06/05/2018
 
TOP OF THE 1ST
Warwick Hunchbacks batting - Pitching for Balboa Buccaneers : RHP Brandeis Göller
Pitching: RHP Brandeis Göller
Batting: LHB Luis Robles 0-0: Ball
1-0: Swinging Strike
1-1: Foul Ball, location: 2F
1-2: Ground out 6-3 (Groundball, 56)
Batting: RHB José Reyes 0-0: Ball
1-0: Foul Ball, location: 2F
1-1: SINGLE (Groundball, 34D)
Batting: SHB Gregg Wagner 0-0: Ball
1-0: Foul Ball, location: 2F
1-1: Swinging Strike
1-2: Strikes out swinging
Batting: RHB Steve Brewer 0-0: Ball
1-0: Swinging Strike
1-1: Foul Ball, location: 2F
1-2: SINGLE (Flyball, 9S)
José Reyes to second
Batting: RHB Jim Browning 0-0: Called Strike
0-1: Ball
1-1: Ball
2-1: Ball
3-1: SINGLE (Groundball, 4M)
José Reyes to third
Steve Brewer to second
Batting: LHB Ted Cracknell 0-0: Foul Ball, location: 2F
0-1: SINGLE (Line Drive, 4D)
José Reyes scores
Steve Brewer to third
Jim Browning to second
Batting: RHB Octávio Castaneda 0-0: Called Strike
0-1: Fly out, F7 (Line Drive, 78M)
Top of the 1st over - 1 run(s), 4 hit(s), 0 error(s), 3 left on base; Warwick 1 - Balboa 0
BOTTOM OF THE 1ST
Balboa Buccaneers batting - Pitching for Warwick Hunchbacks : RHP David Collingwood
Pitching: RHP David Collingwood
Batting: RHB Leonard James 0-0: Called Strike
0-1: Foul Ball, location: 2F
0-2: Ball
1-2: Foul Ball, location: 2F
1-2: Strikes out swinging
Batting: RHB Matt Nelson 0-0: Swinging Strike
0-1: Foul Ball, location: 2F
0-2: Ball
1-2: Ball
2-2: Ball
3-2: Base on Balls
Batting: RHB César Garza 0-0: Ball
1-0: Foul Ball, location: 2F
1-1: Ball
2-1: Ball
3-1: Base on Balls
Matt Nelson to second
Batting: LHB Bellchyor Lebrim 0-0: Ball
1-0: Ball
2-0: Ball
3-0: Called Strike
3-1: Base on Balls
Matt Nelson to third
César Garza to second
Batting: RHB Derek Schroeder 0-0: Fly out, F4 (Popup, 4MD)
Batting: RHB Jean Lemaire 0-0: Fielders Choice at 2nd, U6 (Groundball, 6M)
Bottom of the 1st over - 0 run(s), 0 hit(s), 0 error(s), 3 left on base; Warwick 1 - Balboa 0
TOP OF THE 2ND
Warwick Hunchbacks batting - Pitching for Balboa Buccaneers : RHP Brandeis Göller
Batting: RHB Julián Rocha 0-0: TRIPLE (Line Drive, 7LS)
Batting: LHB Javier Pérez 0-0: Called Strike
0-1: Swinging Strike
0-2: Ball
1-2: Ball
2-2: Strikes out swinging
Batting: LHB Luis Robles 0-0: Called Strike
0-1: Swinging Strike
0-2: Ball
1-2: Strikes out swinging
Batting: RHB José Reyes 0-0: Ball
1-0: Swinging Strike
1-1: Foul Ball, location: 2F
1-2: Strikes out swinging
Top of the 2nd over - 0 run(s), 1 hit(s), 0 error(s), 1 left on base; Warwick 1 - Balboa 0
BOTTOM OF THE 2ND
Balboa Buccaneers batting - Pitching for Warwick Hunchbacks : RHP David Collingwood
Batting: SHB Theodore Buck 0-0: Ball
1-0: Ground out 4-3 (Groundball, 4)
Batting: RHB Louie McNeil 0-0: Ball
1-0: Ball
2-0: Ball
3-0: Called Strike
3-1: Base on Balls
Batting: SHB Chris Cordell 0-0: Swinging Strike
0-1: Called Strike
0-2: SINGLE (Flyball, 56D)
Louie McNeil to second
Batting: RHB Leonard James 0-0: Fielders Choice at 2nd, 4-6 (Groundball, 4)
Louie McNeil to third
Batting: RHB Matt Nelson 0-0: Swinging Strike
0-1: Ball
1-1: Ball
2-1: Ball
3-1: Base on Balls
Leonard James to second
Batting: RHB César Garza 0-0: Called Strike
0-1: DOUBLE (Line Drive, 7LD)
Louie McNeil scores
Leonard James scores
Matt Nelson to third
Runner from 3rd tries for Home, SAFE, no throw or cutoff
Batting: LHB Bellchyor Lebrim 0-0: Ball
1-0: Fly out, F7 (Flyball, 78S)
Bottom of the 2nd over - 3 run(s), 2 hit(s), 0 error(s), 1 left on base; Warwick 1 - Balboa 3
TOP OF THE 3RD
Warwick Hunchbacks batting - Pitching for Balboa Buccaneers : RHP Brandeis Göller
Batting: SHB Gregg Wagner 0-0: Called Strike
0-1: Swinging Strike
0-2: Ball
1-2: Strikes out swinging
Batting: RHB Steve Brewer 0-0: Ball
1-0: Foul Ball, location: 2F
1-1: Fly out, F3 (Line Drive, 3S)
Batting: RHB Jim Browning 0-0: Ball
1-0: Ball
2-0: Ball
3-0: Called Strike
3-1: Base on Balls
Batting: LHB Ted Cracknell 0-0: Called Strike
0-1: Ball
1-1: Swinging Strike
1-2: DOUBLE (Line Drive, 7LS)
Jim Browning to third
Batting: RHB Octávio Castaneda 0-0: Called Strike
0-1: Foul Ball, location: 2F
0-2: Foul Ball, location: 2F
0-2: Strikes out swinging
Top of the 3rd over - 0 run(s), 1 hit(s), 0 error(s), 2 left on base; Warwick 1 - Balboa 3
BOTTOM OF THE 3RD
Balboa Buccaneers batting - Pitching for Warwick Hunchbacks : RHP David Collingwood
Batting: RHB Derek Schroeder 0-0: Fly out, F2 (Popup, 2RF)
Batting: RHB Jean Lemaire 0-0: Called Strike
0-1: Called Strike
0-2: Strikes out looking
Batting: SHB Theodore Buck 0-0: Called Strike
0-1: Ball
1-1: Ball
2-1: SINGLE (Groundball, 34D)
Batting: RHB Louie McNeil 0-0: Ball
1-0: Ball
2-0: Ground out 1-3 (Groundball, 15)
Bottom of the 3rd over - 0 run(s), 1 hit(s), 0 error(s), 1 left on base; Warwick 1 - Balboa 3
TOP OF THE 4TH
Warwick Hunchbacks batting - Pitching for Balboa Buccaneers : RHP Brandeis Göller
Batting: RHB Julián Rocha 0-0: Called Strike
0-1: Foul Ball, location: 2F
0-2: Ball
1-2: Fly out, F4 (Popup, 4MD)
Batting: LHB Javier Pérez 0-0: Swinging Strike
0-1: SINGLE (Flyball, 8LS)
Batting: LHB Luis Robles 0-0: Ball
1-0: Ball
2-0: Ball
3-0: Called Strike
3-1: SINGLE (Groundball, 34D)
Javier Pérez to second
Runner from 2nd tries for 3rd, SAFE, no throw or cutoff
Batting: RHB José Reyes 0-0: Called Strike
0-1: Foul Ball, location: 2F
0-2: Ball
1-2: Foul Ball, location: 2F
1-2: Foul Ball, location: 2F
1-2: Ball
2-2: Strikes out swinging
Batting: SHB Gregg Wagner 0-0: Called Strike
0-1: Called Strike
0-2: Ground out 6-3 (Groundball, 6)
Top of the 4th over - 0 run(s), 2 hit(s), 0 error(s), 2 left on base; Warwick 1 - Balboa 3
BOTTOM OF THE 4TH
Balboa Buccaneers batting - Pitching for Warwick Hunchbacks : RHP David Collingwood
Batting: SHB Chris Cordell 0-0: Called Strike
0-1: Ball
1-1: Foul Ball, location: 2F
1-2: Ball
2-2: Ball
3-2: Foul Ball, location: 2F
3-2: Base on Balls
Batting: RHB Leonard James 0-0: Foul Ball, location: 2F
0-1: Ball
1-1: Swinging Strike
1-2: Ball
2-2: Strikes out swinging
Batting: RHB Matt Nelson 0-0: Ball
1-0: Ball
Wild Pitch!
Chris Cordell to second
2-0: Called Strike
2-1: Foul Ball, location: 2F
2-2: Ball
3-2: DOUBLE (Line Drive, 3D)
Chris Cordell scores
Batting: RHB César Garza 0-0: Ball
1-0: Ball
2-0: Called Strike
2-1: Foul Ball, location: 2F
2-2: Ground out U3 (Groundball, 3L)
Matt Nelson to third
Batting: LHB Bellchyor Lebrim 0-0: Ball
1-0: 2-RUN HOME RUN (Line Drive, 9LD), Distance : 351 ft
Batting: RHB Derek Schroeder 0-0: DOUBLE (Flyball, 89D)
Pitching: LHP Rocky Russell
Batting: RHB Jean Lemaire 0-0: Ball
1-0: Ball
2-0: Called Strike
2-1: Swinging Strike
2-2: 2-RUN HOME RUN (Flyball, 7D), Distance : 391 ft
Batting: SHB Theodore Buck 0-0: Ball
1-0: Fly out, F7 (Flyball, 78M)
Bottom of the 4th over - 5 run(s), 4 hit(s), 0 error(s), 0 left on base; Warwick 1 - Balboa 8
TOP OF THE 5TH
Warwick Hunchbacks batting - Pitching for Balboa Buccaneers : RHP Brandeis Göller
Batting: RHB Steve Brewer 0-0: Ball
1-0: Ground out 6-3 (Groundball, 6)
Batting: RHB Jim Browning 0-0: Called Strike
0-1: Swinging Strike
0-2: Ball
1-2: Ball
2-2: SINGLE (Line Drive, 56)
Batting: LHB Ted Cracknell 0-0: Ball
1-0: Swinging Strike
1-1: Ball
2-1: Ball
3-1: Foul Ball, location: 2F
3-2: Grounds into double play, 4-6-3 (Groundball, 4)
Top of the 5th over - 0 run(s), 1 hit(s), 0 error(s), 0 left on base; Warwick 1 - Balboa 8
BOTTOM OF THE 5TH
Balboa Buccaneers batting - Pitching for Warwick Hunchbacks : LHP Rocky Russell
Batting: RHB Louie McNeil 0-0: Called Strike
0-1: Hit by Pitch
Batting: SHB Chris Cordell 0-0: Called Strike
0-1: Ball
1-1: Foul Ball, location: 2F
1-2: Ball
2-2: Ball
3-2: Foul Ball, location: 2F
3-2: Fielders Choice at 2nd, 4-6 (Groundball, 4)
Batting: RHB Leonard James 0-0: Swinging Strike
0-1: Swinging Strike
0-2: Ball
1-2: Strikes out swinging
Batting: RHB Matt Nelson 0-0: Ball
1-0: Called Strike
1-1: Ball
2-1: Ball
3-1: Foul Ball, location: 2F
3-2: DOUBLE (Groundball, 3L)
Chris Cordell to third
Chris Cordell scores
Batting: RHB César Garza 0-0: Called Strike
0-1: Swinging Strike
0-2: Strikes out swinging
Bottom of the 5th over - 1 run(s), 1 hit(s), 0 error(s), 1 left on base; Warwick 1 - Balboa 9
TOP OF THE 6TH
Warwick Hunchbacks batting - Pitching for Balboa Buccaneers : RHP Brandeis Göller
Batting: RHB Octávio Castaneda 0-0: Called Strike
0-1: Ball
1-1: Foul Ball, location: 2F
1-2: Ball
2-2: Strikes out swinging
Batting: RHB Julián Rocha 0-0: Ball
1-0: SINGLE (Line Drive, 8LS)
Batting: LHB Javier Pérez 0-0: Called Strike
0-1: Ball
1-1: Called Strike
1-2: Strikes out swinging
Batting: LHB Luis Robles 0-0: Called Strike
0-1: Ball
1-1: Swinging Strike
1-2: Strikes out swinging
Top of the 6th over - 0 run(s), 1 hit(s), 0 error(s), 1 left on base; Warwick 1 - Balboa 9
BOTTOM OF THE 6TH
Balboa Buccaneers batting - Pitching for Warwick Hunchbacks : LHP Rocky Russell
Pitching: RHP Woody Pratt
Batting: LHB Bellchyor Lebrim 0-0: Ball
1-0: Ball
2-0: Ball
3-0: Called Strike
3-1: Base on Balls
Batting: RHB Derek Schroeder 0-0: Foul Ball, location: 2F
0-1: Foul Ball, location: 2F
0-2: Ball
1-2: Ball
2-2: SINGLE (Groundball, 4MD)
Bellchyor Lebrim to second
Batting: RHB Jean Lemaire 0-0: Called Strike
0-1: Ball
1-1: Ball
2-1: Foul Ball, location: 2F
2-2: Ball
3-2: Base on Balls
Bellchyor Lebrim to third
Derek Schroeder to second
Batting: SHB Theodore Buck 0-0: Ball
1-0: Called Strike
1-1: Fly out, F4 (Popup, 4M)
Batting: RHB Louie McNeil 0-0: Ball
1-0: Ball
Wild Pitch!
Bellchyor Lebrim scores
Derek Schroeder to third
Jean Lemaire to second
2-0: Ball
3-0: Called Strike
3-1: Swinging Strike
3-2: Base on Balls
Batting: SHB Chris Cordell 0-0: Ball
1-0: Called Strike
1-1: Fly out, F7 (Flyball, 78M)
Runner from 3rd tags up, SCORES, no throw
Pitching: RHP Lou Armstrong
Batting: RHB Leonard James 0-0: Ball
1-0: Ball
2-0: Ball
3-0: Called Strike
3-1: Ground out 5-3 (Groundball, 5S)
Bottom of the 6th over - 2 run(s), 1 hit(s), 0 error(s), 2 left on base; Warwick 1 - Balboa 11
TOP OF THE 7TH
Warwick Hunchbacks batting - Pitching for Balboa Buccaneers : RHP Brandeis Göller
Batting: RHB José Reyes 0-0: Ball
1-0: Called Strike
1-1: Ball
2-1: Ground out 4-3 (Groundball, 4)
Batting: SHB Gregg Wagner 0-0: Ground out U3 (Groundball, 3)
Batting: RHB Steve Brewer 0-0: Ball
1-0: Ball
2-0: Called Strike
2-1: Fly out, F5 (Popup, 56S)
Top of the 7th over - 0 run(s), 0 hit(s), 0 error(s), 0 left on base; Warwick 1 - Balboa 11
BOTTOM OF THE 7TH
Balboa Buccaneers batting - Pitching for Warwick Hunchbacks : RHP Lou Armstrong
Batting: RHB Matt Nelson 0-0: Called Strike
0-1: Ball
1-1: Ball
2-1: Foul Ball, location: 2F
2-2: Ball
3-2: Base on Balls
Batting: RHB César Garza 0-0: Ball
1-0: Foul Ball, location: 2F
1-1: Swinging Strike
1-2: Grounds into double play, 6-4-3 (Groundball, 6)
Batting: LHB Bellchyor Lebrim 0-0: Ball
1-0: Foul Ball, location: 2F
1-1: Foul Ball, location: 2F
1-2: Ball
2-2: Ball
3-2: DOUBLE (Line Drive, 9LM)
Batting: RHB Derek Schroeder 0-0: Ball
1-0: Fly out, F4 (Popup, 8LS)
Bottom of the 7th over - 0 run(s), 1 hit(s), 0 error(s), 1 left on base; Warwick 1 - Balboa 11
TOP OF THE 8TH
Warwick Hunchbacks batting - Pitching for Balboa Buccaneers : RHP Brandeis Göller
Pitching: RHP Bill Swain
Batting: RHB Jim Browning 0-0: Ground out 6-3 (Groundball, 6M)
Batting: LHB Ted Cracknell 0-0: Called Strike
0-1: Ball
1-1: Foul Ball, location: 2F
1-2: Ground out 3-1 (Groundball, 34S)
Batting: RHB Octávio Castaneda 0-0: Ground out 6-3 (Groundball, 6)
Top of the 8th over - 0 run(s), 0 hit(s), 0 error(s), 0 left on base; Warwick 1 - Balboa 11
BOTTOM OF THE 8TH
Balboa Buccaneers batting - Pitching for Warwick Hunchbacks : RHP Lou Armstrong
Batting: RHB Jean Lemaire 0-0: Ball
1-0: Ball
2-0: Fly out, F8 (Flyball, 8RD)
Pinch Hitting: LHB Dudley Duncan 0-0: Ball
1-0: Ball
2-0: Called Strike
2-1: Called Strike
2-2: Foul Ball, location: 2F
2-2: Ball
3-2: Foul Ball, location: 2F
3-2: SINGLE (Flyball, 89S)
Batting: RHB Louie McNeil 0-0: Called Strike
0-1: Swinging Strike
0-2: Strikes out looking
Batting: SHB Chris Cordell 0-0: SINGLE (Groundball, 56D)
Dudley Duncan to second
Batting: RHB Leonard James 0-0: Fielders Choice at 2nd, U6 (Groundball, 6M)
Bottom of the 8th over - 0 run(s), 2 hit(s), 0 error(s), 2 left on base; Warwick 1 - Balboa 11
TOP OF THE 9TH
Warwick Hunchbacks batting - Pitching for Balboa Buccaneers : RHP Bill Swain
Now in CF: Anthony Trigg
Batting: RHB Julián Rocha 0-0: Ball
1-0: Ground out 4-3 (Groundball, 34)
Pinch Hitting: LHB Ron Wallace 0-0: Foul Ball, location: 2F
0-1: Foul Ball, location: 2F
0-2: Foul Ball, location: 2F
0-2: Ball
1-2: Ball
2-2: Ground out 6-3 (Groundball, 6M)
Batting: LHB Luis Robles 0-0: Ball
1-0: Swinging Strike
1-1: Foul Ball, location: 2F
1-2: Strikes out looking
Top of the 9th over - 0 run(s), 0 hit(s), 0 error(s), 0 left on base; Warwick 1 - Balboa 11
This league is powered by Out of the Park Baseball, the baseball management simulation game for PC, Mac and Linux
Monday, May 4th, 2015 - OOTP Baseball 15.6 Build 34